[Event "*** Titled Tuesday Blitz"]
[Site "Chess.com"]
[Date "2020.12.01"]
[Round "11"]
[White "Chamal_Gedgafov"]
[Black "Skat2704"]
[Result "0-1"]
[WhiteElo "2177"]
[BlackElo "2343"]
[TimeControl "180+1"]
[EndTime "12:06:24 PST"]
[Termination "Skat2704 won on time"]

1. d4 d5 2. c4 e6 3. Nc3 Nf6 4. cxd5 exd5 5. Bg5 Be7 6. e3 O-O 7. Bd3 h6 8. Bh4 b6 9. Nf3 Bb7 10. O-O c5 11. Rc1 Na6 12. Ne5 Nc7 13. Qe2 Ne4 14. Bxe7 Qxe7 15. f3 Nxc3 16. bxc3 Ne6 17. Bb1 Rac8 18.
Qd3 g6 19. Rce1 Ng7 20. e4 cxd4 21. cxd4 dxe4 22. fxe4 Rcd8 23. Nf3 Ne6 24. d5 Nc5 25.
Qd4 Rfe8 26. h3 a5 27. Rf2 Qc7 28. Rb2 a4 29. Rd2 Ne6 30. Qf6 Nc5 31. Kh1 b5 32.
Rf2 Qe7 33. Qf4 b4 34. Nh4 Rxd5 35. exd5 Qxe1+ 36. Rf1 Qe7 37. Qg3 Bxd5 38. Nxg6 Qg5 39. Qf2 fxg6 40. Rg1 Ne6 41. Qb6 Rf8 42. Qxb4 Qg3 43.
Qg4 Qxg4 44. hxg4 Nf4 45. Bc2 Ne2 46. Re1 Rf2 0-1

[Event "*** Titled Tuesday Blitz"]
[Site "Chess.com"]
[Date "2020.12.01"]
[Round "11"]
[White "Tssunami"]
[Black "Euwe1234"]
[Result "0-1"]
[WhiteElo "2443"]
[BlackElo "2578"]
[TimeControl "180+1"]
[EndTime "12:06:26 PST"]
[Termination "Euwe1234 won on time"]

1. Nf3 d5 2. d4 Nf6 3. Bf4 e6 4. e3 Bd6 5. Bg3 O-O 6. Bd3 c5 7. O-O Qc7 8. Bxd6 Qxd6 9. Nbd2 Nc6 10. c3 e5 11. dxe5 Nxe5 12. Nxe5 Qxe5 13. Nf3 Qc7 14. h3 Be6 15. Rc1 Rad8 16. Qe2 h6 17. Rfd1 Rfe8 18. Bb1 Ne4 19. c4 Nf6 20. cxd5 Bxd5 21.
Nd4 Qe5 22. Rxc5 Ne4 23. Bxe4 Qxe4 24. Qg4 Qxg4 25. hxg4 Bxa2 26. Ra1 Bd5 27. Rxa7 Re4 28. Raa5 Bc6 29. g5 b6 30. Rxc6 bxa5 31. gxh6 g6 32. Ra6 Re5 33. g3 Rd7 34. Kg2 Kh7 35. g4 Kxh6 36. Kg3 Kg7 37. Kf4 Rc5 38. b3 Rb7 39.
Ke4 Kf8 40. f4 Re7+ 41. Kd3 Rc1 42. Rxa5 Rd1+ 43. Kc2 Re1 44. f5 R1xe3 45. f6 R7e4 46. Nc6 Re6 47. Ra6 Rxf6 48. g5 Rfe6 49. b4 Rf3 50. b5 Re2+ 51. Kd1 Rb2 52. Ra8+ Kg7 53. Ke1 Rh3 0-1

[Event "*** Titled Tuesday Blitz"]
[Site "Chess.com"]
[Date "2020.12.01"]
[Round "11"]
[White "PriSachu"]
[Black "j_coca"]
[Result "0-1"]
[WhiteElo "2515"]
[BlackElo "2414"]
[TimeControl "180+1"]
[EndTime "12:06:26 PST"]
[Termination "j_coca won on time"]

1. e4 Nf6 2. e5 Nd5 3. c4 Nb6 4.
d4 d6 5. exd6 cxd6 6. d5 g6 7.
Qd4 f6 8. Nc3 Bg7 9. Bd3 O-O 10. Qh4 N8d7 11. Nf3 Ne5 12. Nxe5 dxe5 13. O-O f5 14. Bg5 Rf7 15. c5 Nxd5 16. Nxd5 Qxd5 17. Bc4 Qxc5 18. Rac1 Qd4 19. Rfd1 Qxh4 20. Rd8+ Bf8 21. Bxh4 e6 22. Bxe6 Bxe6 23. Rxa8 Kg7 24. f3 b6 25. Be1 Bxa2 26. Bc3 Bd6 27. Rd1 Bc5+ 28. Kh1 Kf6 29. Ra1 Bd5 30. R8xa7 Bb7 31. Re1 Bd4 32.
Bxd4 exd4 33. Ra4 Rd7 34. Rb4 Rd6 35. Kg1 g5 36. Kf2 h5 37. Rd1 d3 38. Ke3 Ba6 39.
Kd2 Re6 40. Re1 Rc6 41. Rc1 Re6 42. Ra1 b5 43. Rxa6 Rxa6 44. Kxd3 Rd6+ 45. Kc3 Rd5 46. Rd4 Rc5+ 47. Kb4 Rc2 48. Kb3 Rxg2 49. Rd5 Rxh2 50. Rxb5 Rf2 51. Kc4 Rxf3 52. b4 g4 53. Rb6+ Kg5 54.
b5 Rf1 55. Rb8 Rc1+ 56. Kb3 Rb1+ 57. Kc2 Rb4 58. Kc3 Rb1 59. Kc2 Ra1 60. b6 Ra6 61. b7 Rb6 62. Rg8+ Kf4 63. b8=Q+ Rxb8 64. Rxb8 h4 65.
Kd2 Kg3 66. Ke2 f4 67. Kf1 Kh2 68. Rb2+ Kh1 69. Rb4 g3 70. Rxf4 g2+ 71. Ke2 h3 0-1

[Event "*** Titled Tuesday Blitz"]
[Site "Chess.com"]
[Date "2020.12.01"]
[Round "11"]
[White "andrzej"]
[Black "yobdc"]
[Result "1/2-1/2"]
[WhiteElo "2364"]
[BlackElo "2462"]
[TimeControl "180+1"]
[EndTime "12:06:26 PST"]
[Termination "Game drawn by repetition"]

1. e4 d5 2. exd5 Qxd5 3. Nc3 Qd6 4. d4 c6 5. Bc4 Nf6 6. Nf3 Be6 7. Be2 Bg4 8. h3 Bh5 9. O-O e6 10. Bg5 Be7 11.
Bh4 O-O 12. Bg3 Qd8 13. Ne5 Bxe2 14. Nxe2 Nbd7 15. Nf4 Nxe5 16. dxe5 Qxd1 17. Rfxd1 Nd5 18. c4 Nb6 19. b3 Rfd8 20. Kf1 Ba3 21. Bh4 Rxd1+ 22.
Rxd1 h6 23. Rd8+ Rxd8 24. Bxd8 Nd7 25. Nd3 Kf8 26. Ke2 Ke8 27. Bc7 Ke7 28. f4 h5 29. g4 hxg4 30. hxg4 b5 31. c5 f6 32. Bd6+ Kf7 33. b4 fxe5 34. fxe5 Kg6 35. Kd2 Kg5 36. Kc2 Kxg4 37. Kb3 g5 38. Kxa3 Kf3 39. Kb2 g4 40.
Kc3 g3 41. Kd2 g2 42. Ne1+ Kg3 43. Nxg2 Kxg2 44. Ke3 Kg3 45. Ke4 Kg4 46. Be7 Nb8 47. Bd6 Nd7 48. Be7 Kh5 49. Kf4 Kg6 50. Bd6 Kh5 51. Be7 Kg6 52. Bd6 Kf7 53. Kg5 Kg7 54. Kh5 Kh7 55. Kg5 Kg7 56. Kh5 Kf7 57. Kg5 Kg7 1/2-1/2

[Event "*** Titled Tuesday Blitz"]
[Site "Chess.com"]
[Date "2020.12.01"]
[Round "11"]
[White "FMalexhdez"]
[Black "InitiatingASC"]
[Result "0-1"]
[WhiteElo "2306"]
[BlackElo "2427"]
[TimeControl "180+1"]
[EndTime "12:06:29 PST"]
[Termination "InitiatingASC won on time"]

1. e4 c5 2. Nf3 Nc6 3. d4 cxd4 4. Nxd4 Nf6 5. Nc3 e5 6. Nf3 h6 7. Bc4 d6 8. O-O Be7 9. Re1 O-O 10. a4 Be6 11.
Bd5 Rc8 12. Be3 a6 13. Qd2 Ng4 14. h3 Nxe3 15. Qxe3 Nb4 16. Rac1 Rxc3 17. bxc3 Nxd5 18. exd5 Bxd5 19. Rb1 Qa5 20. Red1 Bc6 21. Rb4 Qc7 22. Rg4 f5 23. Rc4 Qa5 24. Rb4 Rf7 25. Qb6 Qxb6 26.
Rxb6 Bd8 27. Rb4 Rd7 28. c4 Ba5 29. Rb2 Bc7 30. c5 d5 31. c3 Bxa4 32. Re1 e4 33.
Nd4 Ba5 34. Rc1 Bc6 35. Nxf5 Bc7 36. Nd4 Be5 37. Nxc6 bxc6 38. Rb6 Rc7 39. Rxa6 Kf7 40. Kf1 Ke6 41. Ke2 Kd7 42. Kd2 Bf4+ 43. Kc2 Bxc1 44. Kxc1 Rb7 45. Ra8 Rb5 46. Rg8 Rxc5 47. Kd2 g5 48. Rg6 Rb5 49. Rxh6 Rb2+ 50. Ke3 Rc2 51. Rg6 Rxc3+ 52. Ke2 d4 53. Rxg5 c5 54. Re5 Rc2+ 55. Kd1 Rxf2 56. g4 e3 57. h4 Rh2 58. Rxc5 Kd6 0-1

[Event "*** Titled Tuesday Blitz"]
[Site "Chess.com"]
[Date "2020.12.01"]
[Round "11"]
[White "ambaixador"]
[Black "MPGM"]
[Result "1/2-1/2"]
[WhiteElo "2468"]
[BlackElo "2638"]
[TimeControl "180+1"]
[EndTime "12:06:30 PST"]
[Termination "Game drawn by repetition"]

1. Nf3 d5 2. c4 e6 3. d4 c5 4.
cxd5 exd5 5. g3 Nf6 6. Bg2 Nc6 7. O-O Be7 8. dxc5 Bxc5 9. a3 Ne4 10. Nbd2 O-O 11.
Nb3 Be7 12. Nbd4 h5 13. Be3 h4 14. Nxc6 bxc6 15. Rc1 Bd7 16. Ne5 Nf6 17. Nxc6 Bxc6 18. Rxc6 Qd7 19. Rc2 h3 20. Bf3 Rfd8 21. Qd4 a5 22. Rd1 Qe6 23. Qb6 Rd6 24. Qb7 Rad8 25. Bc5 R6d7 26. Qb5 Bxc5 27. Qxc5 Ne4 28. Qxa5 d4 29.
Qe1 Ng5 30. Qf1 Nxf3+ 31. exf3 d3 32. Rcd2 Qf5 33. Re1 Rc7 34. Re3 Rc2 35. Rdxd3 Rxd3 36. Rxd3 Rxb2 37. g4 Qf6 38. Qxh3 Ra2 39. Qh5 g6 40. Qd5 Kg7 41. Kg2 Qb2 42. Qd6 Qxf2+ 43. Kh3 Qf1+ 44. Kg3 Qe1+ 45. Kf4 Qf1 46. Qe5+ Kh7 47. Qf6 Qxd3 48. Qxf7+ Kh8 49. Qf8+ Kh7 50. Qf7+ Kh8 51. Qf8+ Kh7 52. Qf7+ 1/2-1/2

[Event "*** Titled Tuesday Blitz"]
[Site "Chess.com"]
[Date "2020.12.01"]
[Round "11"]
[White "PavelShkapenko"]
[Black "UCantHandleDenker"]
[Result "1-0"]
[WhiteElo "2697"]
[BlackElo "2543"]
[TimeControl "180+1"]
[EndTime "12:06:31 PST"]
[Termination "PavelShkapenko won by checkmate"]

1. e4 c5 2. c3 d6 3. d4 Nf6 4. Bd3 g6 5. dxc5 dxc5 6. e5 Nfd7 7. f4 Bg7 8. Nf3 Nb6 9. Qe2 O-O 10. Be3 c4 11.
Be4 Nc6 12. Nbd2 Nd5 13. Nxc4 Nxe3 14. Nxe3 Bh6 15. g3 Bh3 16. Qd2 Qa5 17. Qd5 Qb6 18. Nc4 Qc7 19. Qc5 Rfd8 20. Nd4 Rac8 21. Nxc6 bxc6 22. Ke2 Bg4+ 23. Bf3 Be6 24. Rhd1 Qb7 25. b3 Qa6 26. Kf2 Rd5 27. Qb4 Rb5 28. Qxe7 Bf8 29. Rd8 Rxd8 30. Qxd8 Bxc4 31. bxc4 Rb2+ 32. Kg1 Qxc4 33.
Rf1 Qxc3 34. Bg2 Qe3+ 35. Kh1 Qe2 36. Rg1 Kg7 37. Qd4 Rc2 38. Qe4 Qd2 39. Rf1 c5 40. f5 c4 41. f6+ Kg8 42. e6 fxe6 43. Qxe6+ Kh8 44. Qe4 Kg8 45. Qd5+ Kh8 46. Qe4 Qe2 47.
Qxe2 Rxe2 48. Bd5 Rd2 49. Bxc4 h5 50. Bb3 Kh7 51. Rc1 Kh6 52. Rc8 Bb4 53. h4 Rf2 54. Rh8# 1-0

[Event "*** Titled Tuesday Blitz"]
[Site "Chess.com"]
[Date "2020.12.01"]
[Round "11"]
[White "Taktikmonster"]
[Black "ljuks68"]
[Result "0-1"]
[WhiteElo "2216"]
[BlackElo "2368"]
[TimeControl "180+1"]
[EndTime "12:06:32 PST"]
[Termination "ljuks68 won by checkmate"]

1. e4 e6 2. d4 d5 3. Nd2 Nf6 4. e5 Nfd7 5. Bd3 c5 6. c3 Nc6 7.
Ne2 cxd4 8. cxd4 f6 9. exf6 Qxf6 10. O-O h6 11. Nf3 Bd6 12. Ng3 O-O 13. a3 Rd8 14. Be3 Nf8 15. Nh5 Qf7 16. Nh4 Bd7 17.
g3 g5 18. Ng2 e5 19. dxe5 Nxe5 20. Be2 Be6 21. f4 Nc4 22. Bxc4 dxc4 23. fxg5 Qg6 24. Nf6+ Kh8 25. gxh6 Be5 26. Qf3 Bxb2 27. Nh4 Qxf6 28.
Qxf6+ Bxf6 29. Rxf6 Rd3 30. Bc5 c3 31. Bxf8 c2 32.
Bg7+ Kh7 33. Rxe6 Rd1+ 34. Re1 Rad8 35. Bb2 Rxa1 36. Rxa1 Rd1+ 37. Kf2 Rxa1 38. Nf3 Rb1 39. Ng5+ Kxh6 40. Nf7+ Kh5 41. Ne5 Rxb2 42. g4+ Kg5 43. Nd3 c1=Q+ 44. Kf3 Rb3 45. Ke4 Qc2 46. Ke5 Qxd3 47.
h4+ Kxh4 48. a4 Rb4 49. Kf6 Re4 50. Kg7 Qf3 51. g5 Rg4 52. g6 Qf5 53. a5 Rxg6+ 54.
Kh8 Qf8+ 55. Kh7 Qg7# 0-1

[Event "*** Titled Tuesday Blitz"]
[Site "Chess.com"]
[Date "2020.12.01"]
[Round "11"]
[White "lelya96"]
[Black "barriochess"]
[Result "0-1"]
[WhiteElo "2217"]
[BlackElo "2368"]
[TimeControl "180+1"]
[EndTime "12:06:33 PST"]
[Termination "barriochess won by checkmate"]

1. e4 d6 2. d4 Nf6 3. Nc3 g6 4. Nf3 Bg7 5. Be3 O-O 6. h3 d5 7. e5 Ne4 8. Nxe4 dxe4 9. Nd2 c5 10. Nxe4 cxd4 11. Qxd4 Qxd4 12. Bxd4 Nc6 13. Bc3 Nxe5 14.
O-O-O b6 15. Bb5 Bb7 16. f3 Rfd8 17. Rhe1 Nc6 18. Bxg7 Kxg7 19. Nc3 e6 20. Ne4 Nd4 21. Bd3 Rac8 22. c3 h6 23. Kb1 Nf5 24. Bc2 Rxd1+ 25.
Rxd1 Rc7 26. Nd6 Ne3 27. Rd2 Nxc2 28. Nxb7 Na3+ 29. bxa3 Rxb7 30. a4 Rc7 31. Kb2 f5 32. a5 bxa5 33. Rd6 Kf6 34. Ra6 g5 35. Kc2 h5 36. Kd3 h4 37. Rxa5 Rd7+ 38. Ke2 Rc7 39.
Kd3 Rb7 40. a4 Rb2 41. Rxa7 Rxg2 42. a5 Rg3 43. a6 Rxh3 44. Rh7 Rxf3+ 45. Kc4 Rf1 46.
Kb5 Ra1 47. c4 f4 48. c5 f3 49. Rh8 Kg7 50. Rh5 Kg6 51. Rh8 f2 52. Rf8 f1=Q+ 53.
Rxf1 Rxf1 54. a7 Ra1 55. Kb6 h3 56. c6 h2 57. c7 Rb1+ 58. Ka5 Ra1+ 59. Kb6 h1=Q 60.
c8=Q Rb1+ 61. Ka5 Qe1+ 62. Ka6 Qe2+ 63. Ka5 Qa2# 0-1

[Event "*** Titled Tuesday Blitz"]
[Site "Chess.com"]
[Date "2020.12.01"]
[Round "11"]
[White "Nachsueb"]
[Black "Gogolev_Artemy"]
[Result "0-1"]
[WhiteElo "2191"]
[BlackElo "2397"]
[TimeControl "180+1"]
[EndTime "12:06:34 PST"]
[Termination "Gogolev_Artemy won by checkmate"]

1. c4 Nf6 2. Nc3 d5 3. cxd5 Nxd5 4. g3 c5 5. Bg2 Nc7 6. Nf3 Nc6 7. O-O e5 8. d3 Be7 9. Bd2 O-O 10. Rc1 Be6 11.
a4 Nd5 12. Nxd5 Bxd5 13. a5 Rc8 14. Qa4 b6 15. a6 Nd4 16. Nxd4 exd4 17. b4 Re8 18.
bxc5 Bxc5 19. Bb4 Bxg2 20. Kxg2 Rxe2 21. Bxc5 bxc5 22. Rfe1 Rxe1 23. Rxe1 h6 24. Qc4 Qd6 25. Rb1 Rc7 26. Rb8+ Kh7 27. Rb7 Qc6+ 28. f3 Rxb7 29. axb7 Qxb7 30. Qxc5 Qd7 31. f4 g6 32. h4 h5 33. Qg5 Qf5 34. Qe7 a5 35. Qd6 a4 36.
Qa3 Qa5 37. Kh2 Qb5 38. Qe7 Qb3 39. Qe5 a3 40. Qxd4 Qb2+ 41. Qxb2 axb2 42. d4 b1=Q 43.
d5 Qc2+ 44. Kh3 Qc8+ 45. f5 Qxf5+ 46. g4 Qxd5 47. Kh2 Qd2+ 48. Kg3 Qe3+ 49. Kg2 hxg4 50.
Kh2 Qf3 51. h5 g3+ 52. Kg1 Qf2+ 53. Kh1 Qh2# 0-1

[Event "*** Titled Tuesday Blitz"]
[Site "Chess.com"]
[Date "2020.12.01"]
[Round "11"]
[White "bratkoo"]
[Black "Perecke"]
[Result "1-0"]
[WhiteElo "2531"]
[BlackElo "2382"]
[TimeControl "180+1"]
[EndTime "12:06:36 PST"]
[Termination "bratkoo won on time"]

1. a3 h6 2. b4 a6 3. Bb2 Nf6 4. c4 e6 5. d4 Be7 6. Nf3 O-O 7. Nc3 d5 8. e3 dxc4 9. Bxc4 b5 10. Bd3 Bb7 11. O-O Nbd7 12. e4 Nb6 13. Qe2 Re8 14. Rac1 Rc8 15. Bb1 Nc4 16. Qc2 Nxb2 17. Qxb2 Bf8 18.
Rfd1 g6 19. Qe2 Bg7 20. h4 h5 21. Ne5 Nd7 22. Nf3 Nf6 23. Ba2 Qe7 24. Ng5 Nh7 25.
Nf3 Nf6 26. Ne1 Ng4 27. f3 Nh6 28. Qf2 Bf6 29. g3 g5 30. e5 Bg7 31. hxg5 Qxg5 32.
Nd3 Nf5 33. Kh2 h4 34. g4 Ng3 35. Nc5 Ba8 36. Kh3 Qf4 37. Nd3 Qxf3 38. Qxf3 Bxf3 39.
Re1 f5 40. Kxh4 Ne4 41. gxf5 Nxc3 42. Rxc3 Rcd8 43. Bxe6+ Kf8 44. Kg3 Bd5 45. Nf4 Bxe6 46. Nxe6+ Rxe6 47. fxe6 Rxd4 48. Rxc7 Bh6 49. Rf1+ Ke8 50.
Rh1 Bf4+ 51. Kf3 Bxe5 52. Rb7 Rd5 53. Rhh7 Rd3+ 54. Ke4 Bf6 55. Kxd3 1-0

[Event "*** Titled Tuesday Blitz"]
[Site "Chess.com"]
[Date "2020.12.01"]
[Round "11"]
[White "AcsinteMatei"]
[Black "Region_07"]
[Result "0-1"]
[WhiteElo "2341"]
[BlackElo "2464"]
[TimeControl "180+1"]
[EndTime "12:06:36 PST"]
[Termination "Region_07 won by resignation"]

1. d4 d5 2. Bf4 Nc6 3. e3 Nf6 4.
Nf3 Bg4 5. Be2 e6 6. Ne5 Bxe2 7. Qxe2 Nxe5 8. Bxe5 Nd7 9. Bg3 Bd6 10. Nd2 O-O 11.
e4 dxe4 12. Nxe4 Nb6 13. c4 Bb4+ 14. Kf1 Qxd4 15. Rc1 Na4 16. b3 Nc5 17. Nxc5 Qxc5 18. Qe5 Qxe5 19. Bxe5 Rac8 20. Ke2 f6 21. Bg3 e5 22. Rhd1 Rfd8 23. f3 Bc5 24. f4 Kf7 25. fxe5 fxe5 26. Kf3 Ke6 27. Ke4 Rd4+ 28. Rxd4 Bxd4 29.
Rf1 Re8 30. Rf5 Kd6 31. Rf7 Re7 32. Rxe7 Kxe7 33. Bxe5 Bxe5 34. Kxe5 Kd7 35. g4 a5 36. a3 Ke7 37. b4 axb4 38. axb4 Kd7 39. b5 b6 40. g5 Ke7 41. h4 Kd7 42. h5 Ke7 43. g6 hxg6 44. hxg6 Kd7 45. Kd5 c6+ 46. bxc6+ Kc7 47.
c5 b5 48. Kd4 Kxc6 49. Ke5 Kxc5 50. Ke6 b4 51. Kf7 b3 52. Kxg7 b2 53. Kf7 b1=Q 54. g7 Qf5+ 55. Ke8 Qe6+ 56. Kf8 Qf6+ 57. Kg8 Kd6 58. Kh7 Qf7 59. Kh8 Qh5+ 60. Kg8 Ke6 0-1

[Event "*** Titled Tuesday Blitz"]
[Site "Chess.com"]
[Date "2020.12.01"]
[Round "11"]
[White "MillyNeuf"]
[Black "ikhasu"]
[Result "0-1"]
[WhiteElo "2323"]
[BlackElo "2425"]
[TimeControl "180+1"]
[EndTime "12:06:38 PST"]
[Termination "ikhasu won by resignation"]

1. e4 e5 2. Nc3 Nc6 3. Bc4 Bc5 4. Qg4 g6 5. Qf3 f6 6. Nge2 d6 7. d3 Na5 8. Be3 Nxc4 9. dxc4 Bxe3 10. Qxe3 Be6 11. b3 Ne7 12. O-O-O O-O 13. Nd5 Bxd5 14.
cxd5 a5 15. h4 a4 16. b4 a3 17. Qh6 Rf7 18. h5 g5 19. f4 Kh8 20. Ng3 Ng8 21. Qg6 hxg6 22. hxg6+ Kg7 23. f5 Re7 24. Rh7+ Kf8 25.
Rdh1 Qd7 26. Rh8 Rg7 27. Nh5 Qe7 28. Nxg7 Qxg7 29. R1h7 c6 30. c4 cxd5 31. cxd5 Rc8+ 32. Kd2 Rc7 33. Rxg7 Rxg7 34. Rh7 Ne7 35. Rxg7 Kxg7 36.
Kc3 b5 37. g4 Nc8 38. Kd3 Nb6 39. Kc3 Nc4 40. Kb3 Nd2+ 41. Kxa3 Nxe4 42. Kb2 Nd2 43.
a4 bxa4 44. b5 Nc4+ 45. Ka2 Nb6 46. Ka3 e4 47. Kb4 e3 48. Ka5 e2 49. Kxb6 e1=Q 50. Kc7 Qb4 51. b6 a3 52. b7 a2 53. b8=Q Qxb8+ 54. Kxb8 a1=Q 55. Kc7 Qa6 0-1

[Event "*** Titled Tuesday Blitz"]
[Site "Chess.com"]
[Date "2020.12.01"]
[Round "11"]
[White "azikom"]
[Black "ChainsOfFantasia"]
[Result "1-0"]
[WhiteElo "2653"]
[BlackElo "2520"]
[TimeControl "180+1"]
[EndTime "12:06:39 PST"]
[Termination "azikom won by resignation"]

1. d4 Nf6 2. Nf3 e6 3. c4 d5 4.
Nc3 Be7 5. Bf4 O-O 6. e3 Nbd7 7. a3 c5 8. cxd5 Nxd5 9. Nxd5 exd5 10. dxc5 Nxc5 11.
Be5 Bf6 12. Bxf6 Qxf6 13. Qd4 Qxd4 14. Nxd4 Ne6 15. Rd1 Nxd4 16. Rxd4 Be6 17. Kd2 Rfd8 18. Bd3 Kf8 19. Rc1 Rac8 20. Rxc8 Rxc8 21. Ra4 a6 22.
Rb4 Rc7 23. h4 h6 24. g4 Ke7 25. g5 hxg5 26. hxg5 f6 27. gxf6+ gxf6 28. Rh4 Kd6 29. Rh6 Rf7 30. Kc3 a5 31. Kd4 b6 32. f4 Rf8 33. Rh7 Rf7 34. Rh8 Bd7 35. Rb8 Kc7 36. Rh8 Bc6 37. Bg6 Rg7 38. Rh6 Kd6 39. Bd3 Ke7 40.
b4 axb4 41. axb4 Ke6 42. Rh8 Kd6 43. Rd8+ Rd7 44. Rb8 Rb7 45. Rf8 Ke7 46. Rh8 Kd6 47. b5 Bd7 48. Rf8 Ke7 49. Ra8 Be6 50. Ra6 Kd6 51. Ra8 Ke7 52. Rh8 Kd6 53. Rh6 Rf7 54. Bg6 Rc7 55. Bd3 Rf7 56. Be2 Bc8 57. Bh5 Rf8 58.
Bf3 Bd7 59. Bxd5 Bxb5 60. e4 Bd7 61. e5+ Ke7 62. Rh7+ Ke8 63. e6 Bb5 64. Rb7 Kd8 65.
Rxb6 Ba4 66. Kc5 Kc7 67. Rb7+ Kc8 68. Ra7 1-0

[Event "*** Titled Tuesday Blitz"]
[Site "Chess.com"]
[Date "2020.12.01"]
[Round "11"]
[White "Lupul_Cenusiu"]
[Black "SlovenskiZmaj"]
[Result "0-1"]
[WhiteElo "2567"]
[BlackElo "2478"]
[TimeControl "180+1"]
[EndTime "12:06:40 PST"]
[Termination "SlovenskiZmaj won by checkmate"]

1. d4 Nf6 2. c4 e6 3. Nc3 Bb4 4. e3 d5 5. Nf3 O-O 6. Bd2 b6 7. Rc1 Bb7 8. cxd5 exd5 9. Be2 a6 10. Ne5 Bd6 11. O-O c5 12. f4 Nbd7 13. Be1 Ne4 14. Nxe4 dxe4 15. Nxd7 Qxd7 16. dxc5 bxc5 17. Rxc5 Rfd8 18.
Rc2 Qe7 19. Qc1 Rac8 20. Bg4 Rxc2 21. Qxc2 Bc5 22. Bf2 g6 23. Rd1 Bb6 24. Qb3 Rxd1+ 25.
Bxd1 Bc5 26. a3 Bc6 27. Qc3 Bb5 28. Bc2 Ba7 29. b4 h5 30. h3 Kh7 31. Bb3 Bd3 32. Bd5 g5 33. fxg5 Qxg5 34. Qc7 Bxe3 35. Qxf7+ Kh6 36. Qf8+ Kh7 37. Bxe3 Qxe3+ 38. Kh2 Qg5 39.
Qf7+ Kh6 40. Qe6+ Kh7 41. Qd6 Kg7 42. Bc6 h4 43. Bd7 Qf6 44. Qxf6+ Kxf6 45. Kg1 e3 46.
a4 Ke7 47. Bg4 Kd6 48. Bf3 Ke5 49. Bc6 Kf4 50. b5 Kg3 51. Bf3 axb5 52. axb5 Bxb5 53. Bg4 e2 54. Bxe2 Bxe2 55. Kh1 Bc4 56. Kg1 Bd5 57. Kf1 Bxg2+ 58. Kg1 Bxh3 59. Kh1 Bg4 60. Kg1 h3 61. Kh1 Bf3+ 62. Kg1 h2+ 63. Kf1 h1=Q# 0-1

[Event "*** Titled Tuesday Blitz"]
[Site "Chess.com"]
[Date "2020.12.01"]
[Round "11"]
[White "malakismayil"]
[Black "Pogosian_Manvel"]
[Result "1-0"]
[WhiteElo "2305"]
[BlackElo "2389"]
[TimeControl "180+1"]
[EndTime "12:06:40 PST"]
[Termination "malakismayil won on time"]

1. e4 c6 2. d4 d5 3. Nd2 dxe4 4. Nxe4 Bf5 5. Ng3 Bg6 6. h4 h6 7. h5 Bh7 8. Bd3 Bxd3 9. Qxd3 e6 10. Nf3 Nf6 11. Bd2 Nbd7 12. O-O-O Be7 13. c4 O-O 14. Bc3 b5 15. Ne5 bxc4 16. Qxc4 Nxe5 17. dxe5 Nd5 18. Ne4 Qb6 19. Rd2 Rab8 20. g4 Rfd8 21. Rhd1 Nxc3 22.
Nxc3 Bg5 23. f4 Rxd2 24. Rxd2 Bh4 25. Qd4 Qa6 26. Qd3 Qb6 27. Qd4 Qa5 28. Qe3 Be7 29.
g5 hxg5 30. fxg5 Rd8 31. g6 fxg6 32. hxg6 Rxd2 33. Kxd2 Qd8+ 34. Kc2 Bg5 35. Qh3 Qe8 36. Qh7+ Kf8 37. Qh8+ Ke7 38. Qxg7+ Kd8 39. Ne4 Bf4 40. Nd6 Qe7 41. Qg8+ Kc7 42. Qf7 Kd7 43. g7 Bxe5 44. Qxe7+ Kxe7 45. g8=Q Kxd6 46. Qb8+ Kd5 47. Qxa7 Bd6 48.
Qa5+ c5 49. Qd2+ Kc6 50. a4 Bf4 51. Qg2+ Kb6 52. Qe4 e5 53. Qg6+ Ka5 54. b3 Kb4 55.
Qb6+ 1-0

[Event "*** Titled Tuesday Blitz"]
[Site "Chess.com"]
[Date "2020.12.01"]
[Round "11"]
[White "Sanyura"]
[Black "szabadaba"]
[Result "0-1"]
[WhiteElo "2535"]
[BlackElo "2683"]
[TimeControl "180+1"]
[EndTime "12:06:41 PST"]
[Termination "szabadaba won by checkmate"]

1. e4 c6 2. Nf3 d5 3. Nc3 dxe4 4. Nxe4 Nd7 5. Qe2 Ndf6 6. d4 Bg4 7. c3 e6 8. h3 Bh5 9. Ng3 Bg6 10. Ne5 Bd6 11. h4 Ne7 12. h5 Bf5 13. Bg5 h6 14.
Bh4 Bh7 15. Qf3 Ned5 16. Bc4 Qc7 17. O-O Bxe5 18. dxe5 Qxe5 19. Rad1 Qf4 20. Qxf4 Nxf4 21. Bxf6 gxf6 22. Rd4 Nd5 23. Re1 O-O-O 24. Bxd5 Rxd5 25. Rf4 f5 26. c4 Rd2 27. b4 Rxa2 28. b5 c5 29. b6 axb6 30. Rf3 Rd8 31. Ne2 Rdd2 32. Nc3 Ra3 33. Rg3 Kd8 34. Rb1 f4 35. Rg7 Bxb1 36.
Nxb1 Rd1+ 37. Kh2 Rxb1 38. Rh7 Raa1 39. Kh3 Rh1+ 40. Kg4 Rag1 41. Kf3 Rxh5 42. Kxf4 Rxg2 43. Kf3 Rgg5 44. Ke4 Re5+ 45. Kf4 Ref5+ 46. Ke4 Ke7 47. f4 Rh4 48. Ke3 Rhxf4 49. Rxh6 Rxc4 50. Rh2 Rb4 51. Kd3 Rg5 52. Kc3 Rg3+ 53. Kc2 Rbg4 54. Rh7 c4 55. Rh5 f5 56. Rh7+ Kd6 57. Rxb7 Kc5 58. Rc7+ Kb4 59. Rd7 Rg2+ 60. Kd1 Rh4 61. Rh7 Rxh7 62. Ke1 Rh1# 0-1

[Event "*** Titled Tuesday Blitz"]
[Site "Chess.com"]
[Date "2020.12.01"]
[Round "11"]
[White "Zkid"]
[Black "Vanina1989"]
[Result "1-0"]
[WhiteElo "2790"]
[BlackElo "2649"]
[TimeControl "180+1"]
[EndTime "12:06:44 PST"]
[Termination "Zkid won on time"]

1. e4 c6 2. d4 d5 3. exd5 cxd5 4. Bd3 Nc6 5. c3 g6 6. h3 Bh6 7. Nf3 Bf5 8. Bc2 Bxc1 9. Qxc1 Bxc2 10. Qxc2 Nh6 11.
O-O O-O 12. Qe2 Kg7 13. Nbd2 Qd6 14. a4 Rfe8 15. Rae1 a6 16. Nb3 b6 17. Nc1 Nf5 18.
Nd3 Rab8 19. g4 Nh6 20. Nfe5 a5 21. f4 Ng8 22. f5 Nf6 23. fxg6 fxg6 24. Nxc6 Qxc6 25.
Qe6 Qxe6 26. Rxe6 b5 27. axb5 Ne4 28. b6 Nd6 29. Rfe1 Kf7 30. Nf4 Ne4 31. Rc6 e6 32. c4 Nd2 33. cxd5 Nf3+ 34. Kf2 Nxe1 35. dxe6+ Rxe6 36. Nxe6 Nd3+ 37. Ke2 Nb4 38. Ng5+ Ke7 39.
Rc7+ Kd6 40. Ne4+ Kd5 41. Nf6+ Kd6 42. Rxh7 Rxb6 43. Rg7 Ke6 44. Ne4 Kd5 45. Nd2 Kxd4 46. Nb3+ Ke4 47. Nxa5 Nd5 48. Nc4 Rc6 49. b3 Ra6 50. Kf2 Kf4 51. Rf7+ Nf6 52. b4 Kg5 53. Ne5 Ra2+ 54. Ke3 Ra3+ 55. Kd4 Rxh3 56. b5 Rb3 57. Kc4 Rb1 58. Nf3+ Kxg4 59. Rxf6 g5 60. b6 Kg3 61.
Nxg5 1-0

[Event "*** Titled Tuesday Blitz"]
[Site "Chess.com"]
[Date "2020.12.01"]
[Round "11"]
[White "Mazetovic"]
[Black "ChessWarrior7197"]
[Result "0-1"]
[WhiteElo "2725"]
[BlackElo "2965"]
[TimeControl "180+1"]
[EndTime "12:06:45 PST"]
[Termination "ChessWarrior7197 won by resignation"]

1. e4 e5 2. Nf3 Nf6 3. Nc3 Bb4 4. Nxe5 O-O 5. Nd3 Bxc3 6. dxc3 Nxe4 7. Be2 d6 8. O-O Re8 9. Be3 Nc6 10. Re1 Bf5 11.
Bf1 Qh4 12. f3 Nf6 13. Qd2 h6 14. Bf2 Qg5 15. Qxg5 hxg5 16. Rxe8+ Rxe8 17. Re1 b6 18. Rxe8+ Nxe8 19. h4 g4 20. Be2 Nf6 21. Kh2 gxf3 22. gxf3 Ne5 23. Be3 Nd5 24. Bc1 c5 25. Kg3 Kh7 26.
Ne1 Ne7 27. f4 Nd7 28. Bd3 Nf6 29. Nf3 Kh6 30. Ng5 Kg6 31. Bd2 d5 32. Be3 c4 33. Be2 Bxc2 34. h5+ Nxh5+ 35. Bxh5+ Kxh5 36. Nxf7 Nf5+ 37. Kf2 Kg4 38. Ne5+ Kh3 39. Nc6 Nd6 40. Nxa7 b5 41. Nc6 Bb1 42. a3 Bc2 43. Kf3 Bd1+ 44. Kf2 Kg4 45. Ne5+ Kf5 46. Bd4 Kxf4 47. Ng6+ Kf5 48.
Ne7+ Ke6 49. Nc6 g5 50. Kg3 Nf5+ 51. Kf2 g4 52. Ne5 Nxd4 53. cxd4 Kf5 54. Ke3 g3 55. Nc6 g2 56. Kf2 Ke4 57. Kxg2 Ke3 58. Kg3 Kd2 59. Kf4 Kc1 60. Nb4 Kxb2 61. Nxd5 c3 62. Ke5 c2 63. Nb4 Kxa3 64. Nd3 b4 65. d5 b3 66. d6 Bg4 67. Kd4 b2 0-1

[Event "*** Titled Tuesday Blitz"]
[Site "Chess.com"]
[Date "2020.12.01"]
[Round "11"]
[White "Trickov"]
[Black "FMOlexandrProhorov"]
[Result "1-0"]
[WhiteElo "2332"]
[BlackElo "2201"]
[TimeControl "180+1"]
[EndTime "12:06:45 PST"]
[Termination "Trickov won on time"]

1. d4 g6 2. Nf3 Bg7 3. g3 f5 4. Bg2 Nf6 5. O-O O-O 6. c4 d6 7.
Qb3 Nc6 8. d5 Ne5 9. Nxe5 dxe5 10. Nc3 Rb8 11. c5 Kh8 12. Rd1 b6 13. h3 Bd7 14. c6 Be8 15. a4 Bf7 16. Qb5 Ne8 17. Qa6 Nd6 18. Nb5 e4 19. Qxa7 Nxb5 20. axb5 Be5 21.
Bf4 Bxf4 22. gxf4 Qd6 23. e3 Ra8 24. Qxa8 Rxa8 25. Rxa8+ Kg7 26. Raa1 h6 27. Bf1 g5 28. fxg5 hxg5 29. Be2 Qe5 30. d6 exd6 31. Ra7 Qxb2 32.
Bf1 Qc2 33. Rda1 f4 34. exf4 gxf4 35. R1a3 Qc5 36. Rxc7 Qxa3 37. Rd7 Kf6 38. c7 Qc5 39. Rxd6+ Ke7 40. Rc6 Qxc6 41. bxc6 Be6 42. Ba6 Kd6 43.
c8=Q Bxc8 44. Bxc8 Kxc6 45. h4 e3 46. f3 Kd6 47. h5 Ke5 48. h6 Kf6 49. h7 Kg7 50.
Bf5 b5 51. Kf1 b4 52. Ke2 1-0